 Seeded DCSS version 0.29-a0-350-g7790a0e70a (webtiles) character file.

Game seed: 300672265412337989 (custom seed)

212 zeratav the Cutter (level 5, 0/27 HPs)
             Began as a Vine Stalker Fighter on Apr 22, 2022.
             Slain by Grinder (6 damage)
             ... while paralysed by Grinder
             ... on level 4 of the Dungeon.
             The game lasted 00:05:53 (2577 turns).

zeratav the Cutter (Vine Stalker Fighter)           Turns: 2577, Time: 00:05:54

Health: 0/27       AC:  6    Str: 19    XL:     5   Next: 89%
Magic:  0/6        EV:  2    Int:  8    God:
Gold:   1459       SH:  0    Dex: 15    Spells: 4/4 levels left

rFire   + . .      SeeInvis .   I - +2 dagger (elec) {short}
rCold   . . .      Faith    .   c - +0 buckler
rNeg    . . .      Spirit   +   b - +0 scale mail
rPois   .          Reflect  .   (no helmet)
rElec   .          Harm     .   (no cloak)
rCorr   .          Rampage  .   (no gloves)
Will    .....                   (no boots)
Stlth   ..........              (no amulet)
HPRegen 0.89/turn               k - +4 ring of evasion
MPRegen 0.10/turn               e - ring of protection from fire

@: paralysed
A: fangs 2, regeneration 1, magic shield, antimagic bite, no potion heal 2
a: no special abilities


You were on level 4 of the Dungeon.
You visited 1 branch of the dungeon, and saw 4 of its levels.

You collected 1459 gold pieces.


Innate Abilities, Weirdness & Mutations

You have extremely sharp teeth.
Your natural rate of healing is unusually fast.
When hurt, damage is shared between your health and your magic reserves.
Your bite disrupts and absorbs the magic of your enemies.
Potions cannot restore your health.


   Skills:
 - Level 2.6 Fighting
 + Level 5.4 Short Blades
 - Level 2.4 Armour
 - Level 2.6 Shields


You had 4 spell levels left.
You didn't know any spells.
Your spell library contained the following spells:

 Spells                   Type           Power      Damage    Failure   Level
 Ozocubu's Armour         Ice            0%         N/A       99%         3
 Metabolic Englaciation   Hex/Ice        0%         N/A       100%        5
 Simulacrum               Ice/Necr       0%         N/A       100%        6

Inventory:

Hand Weapons
 a - a +0 rapier {short}
 v - a +1 dagger of venom {short}
   (You found it on level 2 of the Dungeon)
 w - a +2 whip of electrocution {mace}
   (You took it off a kobold on level 3 of the Dungeon)
 D - a +0 dagger of pain {short}
   (You took it off a goblin on level 3 of the Dungeon)
 I - a +2 dagger of electrocution (weapon) {short}
   (You took it off a goblin on level 3 of the Dungeon)
Armour
 b - a +0 scale mail (worn)
 c - a +0 buckler (worn)
 h - a +0 robe
   (You found it on level 1 of the Dungeon)
 j - a +0 robe
   (You found it on level 1 of the Dungeon)
 n - a +0 robe
   (You found it on level 2 of the Dungeon)
 o - a +0 ring mail
   (You took it off Terence on level 2 of the Dungeon)
 p - a +0 ring mail
   (You found it on level 2 of the Dungeon)
 t - a +0 robe
   (You found it on level 2 of the Dungeon)
 u - a +0 scale mail
   (You found it on level 2 of the Dungeon)
 A - a +0 scale mail
   (You took it off an orc on level 3 of the Dungeon)
 B - a +0 robe
   (You took it off an orc wizard on level 3 of the Dungeon)
 C - a +0 chain mail
   (You took it off an orc on level 3 of the Dungeon)
 G - a +0 ring mail
   (You took it off Ijyb on level 3 of the Dungeon)
 J - a +0 cloak
   (You found it on level 3 of the Dungeon)
Jewellery
 e - a ring of protection from fire (right hand)
   (You found it on level 1 of the Dungeon)
 k - a +4 ring of evasion (left hand)
   (You found it on level 1 of the Dungeon)
Wands
 H - a wand of digging (5)
   (You took it off Ijyb on level 3 of the Dungeon)
Scrolls
 g - 3 scrolls of identify {unknown}
 i - a scroll of vulnerability {unknown}
 l - 2 scrolls of fog {unknown}
 s - a scroll of amnesia {unknown}
 x - a scroll of torment {unknown}
 y - 2 scrolls of teleportation {unknown}
 z - a scroll of enchant armour {unknown}
 F - a scroll of fear {unknown}
Potions
 d - a potion of might
 f - 2 potions of heal wounds {unknown}
 m - 3 potions of degeneration {unknown}
 q - a potion of flight {unknown}
 r - 2 potions of brilliance {unknown}
 E - a potion of curing {unknown}

Dungeon Overview and Level Annotations

Branches:
Dungeon (4/15)
 Temple: D:4-7

Altars:
Gozag

Annotations:
D:2 1 runed translucent door, Crazy Yiuf
D:4 Grinder

##########
#..........
#..........
#..........
#..........
#........# #
#........#######..
####.<......#.......#
#.....@.....#.......#
#....5#######....(.#
#..........5.......#
#....########......#
#....# #.ยง....#
#....# #......#
###### #..!5..#
#......# ########


You could see Grinder (strong).


Message History

You see here a quokka corpse.
HP[+1]
Your hp is fully restored (27).
The goblin shoots a sling bullet.
The sling bullet barely misses you.
The goblin unwields a +0 hunting sling.
The goblin wields a +2 dagger of electrocution.
You hear the crackle of electricity.
The goblin hits you but does no damage.
You hit the goblin.
You kill the goblin!
I - a +2 dagger of electrocution {short}
Things that are here:
a +0 hunting sling {sling}; a goblin corpse Unknown command.
You hear the crackle of electricity.
I - a +2 dagger of electrocution (weapon)
{short} MP[+1]
Your mp is fully restored (6).
J - a +0 cloak
y - 2 scrolls labelled BEGIKK JUNN (gained 1)
You now have 1436 gold pieces (gained 18).
You open the door.
Found a stone staircase leading down.
There is an open door here.
You now have 1448 gold pieces (gained 12).
There is an open door here.
You open the door.
There is an open door here.
You now have 1459 gold pieces (gained 11).
As you open the door, it creaks loudly!
There is an open door here.
There is an open door here.
You open the door.
There is an open door here.
There is an open door here.
Done exploring.
Done exploring.
Done exploring.
(D) Dungeon
Where to? (Enter - D:3, ? - help)
You open the door.
There is an open door here.
There is a stone staircase leading down here.
You climb downwards.
There is a stone staircase leading up here.
f - 2 emerald potions (gained 1)
A giant cockroach comes into view.
Grinder comes into view.
The giant cockroach closely misses you.
Grinder drinks a potion.
Grinder seems to grow stronger.
The giant cockroach bites you but does no damage.
You hit the giant cockroach. You bite the giant cockroach.
You kill the giant cockroach!
Grinder says, "DUCK!"
Grinder hits you.
HP[-4]
You take 4 damage, and now have 23/27 hp.
You hit Grinder. Grinder barely misses you.
HP[+1]
You hit Grinder. You bite Grinder.
Grinder's magic leaks into the air.
You drain her magic.
Grinder says, "DUCK!"
Grinder blinks!
Unknown command.
Grinder blinks!
HP[+1] HP[+1] HP[+1]
Your hp is fully restored (27).
You barely miss Grinder. Grinder hits you but does no damage.
You closely miss Grinder. You barely miss Grinder.
Grinder says, "Don't move a muscle."
Grinder hits you!
You writhe in agony.
HP[-11] MP[-3]
You take 11 damage, and now have 16/27 hp.
MASSIVE DAMAGE!! (PAUSE)
You lost 3 mp, and now have 3/6 mp.
You completely miss Grinder. Your bite misses Grinder.
Grinder barely misses you.
HP[+1]
You hit Grinder. Grinder misses you.
You hit Grinder but do no damage. Your bite misses Grinder.
HP[+1]
You hit Grinder but do no damage. Grinder hits you!
* * * LOW HITPOINT WARNING * * *
You writhe in agony.
* * * LOW HITPOINT WARNING * * *
HP[-10] MP[-2]
You take 10 damage, and now have 8/27 hp.
MASSIVE DAMAGE!! (PAUSE)
You lost 2 mp, and now have 1/6 mp.
You hit Grinder but do no damage. Grinder gestures at you.
You suddenly lose the ability to move!
Grinder hits you.
* * * LOW HITPOINT WARNING * * *
You writhe in agony.
You die...

Skill      XL: |  1  2  3  4  5 |
---------------+----------------+-----
Short Blades   | 2 3 4 5 |  5.4
Fighting       | |  2.6
Armour         | |  2.4
Shields        | |  2.6

Action                   |  1- 3 |  4- 6 || total
-------------------------+-------+-------++-------
Melee: Rapier            |    72 |   113 ||   185
       Bite              |    14 |    29 ||    43
       Dagger            |       |    11 ||    11
  Use: Potion            |     1 |       ||     1
       Scroll            |       |     1 ||     1
Armor: Scale mail        |    25 |    30 ||    55
Dodge: Dodged            |    34 |    69 ||   103
Block: Buckler           |    13 |    19 ||    32

Levels and vault maps discovered:
D:1:      nicolae_arrival_washed_ashore, layout_rooms
D:2:      minmay_diamond_boxcup, layout_basic, basic_altar, minmay_door_square,
          minmay_cut_off, uniq_terence, uniq_crazy_yiuf_cottage
D:3:      layout_loops_corners, hangedman_abyss_or_decor_stabs, uniq_ijyb
D:4:      layout_basic, minmay_temple_entry_glass, uniq_sigmund, uniq_grinder

Notes
Turn   | Place    | Note
-------+----------+-------------------------------------------
     0 | D:1      | zeratav the Vine Stalker Fighter began the quest for the
                  | Orb.
     0 | D:1      | Reached XP level 1. HP: 11/11 MP: 2/2
     0 | D:1      | magus.rc [v1.9.6]
    24 | D:1      | Reached skill level 2 in Short Blades
   223 | D:1      | Reached XP level 2. HP: 16/16 MP: 3/3
   237 | D:1      | You pick up a book of Winter and begin reading...
   237 | D:1      | You add the spells Ozocubu's Armour, Metabolic Englaciation
                  | and Simulacrum to your library.
   312 | D:1      | Reached skill level 3 in Short Blades
   318 | D:1      | Reached XP level 3. HP: 17/19 MP: 4/4
   565 | D:1      | Upgraded the game from 0.29-a0-344-ge2f44be95a to
                  | 0.29-a0-350-g7790a0e70a
   565 | D:1      | magus.rc [v1.9.6]
   565 | D:1      | magus.rc [v1.9.6]
   719 | D:2      | Noticed Terence
   729 | D:2      | Killed Terence
   730 | D:2      | Gained mutation: Your natural rate of healing is unusually
                  | fast. [Vine Stalker growth]
   730 | D:2      | Reached XP level 4. HP: 14/23 MP: 2/5
   950 | D:2      | Reached skill level 4 in Short Blades
  1301 | D:2      | Found an opulent altar of Gozag.
  1563 | D:2      | Found a runed translucent door.
  1564 | D:2      | Noticed Crazy Yiuf
  1691 | D:3      | Identified a scroll of acquirement
  1691 | D:3      | Acquired 1350 gold pieces
  1770 | D:3      | Reached XP level 5. HP: 27/27 MP: 6/6
  1962 | D:3      | Reached skill level 5 in Short Blades
  2179 | D:3      | Noticed Ijyb
  2192 | D:3      | Killed Ijyb
  2548 | D:4      | Noticed Grinder
  2576 | D:4      | Paralysed by Grinder for 5 turns
  2577 | D:4      | HP: 6/27 [Grinder (3)]
  2577 | D:4      | Slain by Grinder

Vanquished Creatures
  An orc priest (D:3)
  Terence (D:2)
  Ijyb (D:3)
  An orc wizard (D:3)
  3 adders
  A worm (D:2)
  3 dart slugs
  3 orcs (D:3)
  5 ball pythons
  4 bats
  4 endoplasms
  5 giant cockroaches
  7 goblins
  4 hobgoblins
  3 jackals (D:1)
  4 quokkas (D:3)
  3 frilled lizards (D:2)
  6 kobolds
  9 rats
68 creatures vanquished.

Table legend:
 A = Non-vault XP
 B = Vault XP
 C = Vault XP percentage of total XP
 D = Non-vault monster count
 E = Vault monster count
 F = Vault count percentage of total count
                 A         B        C        D         E       F
            +---------+---------+-------+---------+---------+-------
      Total |     196 |     107 |  35.3 |      57 |      11 |  16.2
            +---------+---------+-------+---------+---------+-------
        D:1 |      45 |       0 |   0.0 |      26 |       0 |   0.0
        D:2 |      18 |      71 |  79.8 |      12 |      10 |  45.5
        D:3 |     131 |      36 |  21.6 |      18 |       1 |   5.3
        D:4 |       2 |       0 |   0.0 |       1 |       0 |   0.0
            +---------+---------+-------+---------+---------+-------

Illustrated notes

Table legend:
 A = Kills in this place as a percentage of kills in entire the game.
 B = Kills by you in this place as a percentage of kills by you in the entire game.
 C = Kills by friends in this place as a percentage of kills by friends in the entire game.
 D = Other kills in this place as a percentage of other kills in the entire game.
 E = Experience gained in this place as a percentage of experience gained in the entire game.
 F = Experience gained in this place divided by the number of levels of this place that you have seen.
                   A       B       C       D       E      F
               +-------+-------+-------+-------+-------+----------------------
         Total | 100.0 | 100.0 |   N/A |   N/A | 100.0 |  75.8
       Dungeon | 100.0 | 100.0 |   N/A |   N/A | 100.0 |  75.8
               +-------+-------+-------+-------+-------+----------------------

Table legend: (Time is in decaauts)
 A = Elapsed time spent in this place.
 B = Non-inter-level travel time spent in this place.
 C = Inter-level travel time spent in this place.
 D = Time resting spent in this place.
 E = Time spent auto-exploring this place.
 F = Levels seen in this place.
 G = Mean time per level.
                   A        B        C        D        E       F      G
               +--------+--------+--------+--------+--------+-----+--------+
         Total |   2583 |   2506 |     77 |      7 |   1983 |   4 |  645.8 |
       Dungeon |   2583 |   2506 |     77 |      7 |   1983 |   4 |  645.8 |
               +--------+--------+--------+--------+--------+-----+--------+

Top non-repeatable levels by time:
     D:2: 944 daAuts
     D:3: 887 daAuts
     D:1: 712 daAuts
     D:4: 38 daAuts
